 Dungeon Crawl Stone Soup version 0.29.0-4-gdea44cf6ec (webtiles) character file.

Game seed: 15127769675995670409

171405 qw the Severer (level 18, -1/123 HPs)
             Began as a Gargoyle Berserker on Sept 4, 2022.
             Was an Elder of Trog.
             Slain by a bone dragon (5 damage)
             ... on level 2 of the Abyss.
             The game lasted 00:15:49 (39420 turns).

qw the Severer (Gargoyle Berserker)                Turns: 39420, Time: 00:15:49

Health: -1/123     AC: 56    Str: 32      XL:     18   Next: 1%
Magic:  18/18      EV:  8    Int:  6 (9)  God:    Trog [****..]
Gold:   327        SH: 22    Dex:  8 (9)  Spells: 17/17 levels left

rFire   + . .      SeeInvis .   B - +1 war axe (vamp)
rCold   + . .      Faith    .   l - +0 tower shield {rF+}
rNeg    + . .      Spirit   .   x - +12 plate armour "Goyl" {Str+4}
rPois   inf        Reflect  +   o - +2 helmet
rElec   +          Harm     .   w - scarf {repulsion}
rCorr   .          Rampage  .   r - +1 pair of gloves of Defence {rC+}
Will    +....                   m - +2 pair of boots
Stlth   ..........              u - amulet of reflection
HPRegen 0.30/turn               c - +4 ring of protection
MPRegen 0.16/turn               v - +4 ring of slaying {mikee}

@: about to teleport, on berserk cooldown, flying, repel missiles
A: sickness immunity, AC +13, big wings, negative energy resistance 1,
electricity resistance, torment resistance 1, petrification resistance,
deterioration 1
a: Renounce Religion, Berserk, Trog's Hand, Brothers in Arms


You were on level 2 of the Abyss.
You worshipped Trog.
Trog was greatly pleased with you.
You visited 5 branches of the dungeon, and saw 27 of its levels.
You visited the Abyss 1 time.

You collected 2604 gold pieces.
You spent 2277 gold pieces at shops.


Innate Abilities, Weirdness & Mutations

You are immune to sickness and miasma.
Your stone body is resilient. (AC +13)
You are immune to poison.
Your large and strong wings let you fly.
You resist negative energy. (rN+)
You are resistant to electric shocks. (rElec)
You are resistant to unholy torment.
You are immune to petrification.
Your body sometimes deteriorates upon taking damage.


   Skills:
 - Level 17.0 Fighting
 - Level 17.2 Axes
 - Level 6.0 Throwing
 - Level 15.2 Armour
 - Level 4.0 Dodging
 + Level 16.2 Shields


You had 17 spell levels left.
You didn't know any spells.
Your spell library was empty.

Inventory:

Hand Weapons
 f - a +2 hand axe of flaming
 B - a +1 vampiric war axe (weapon)
Missiles
 b - 10 boomerangs
 j - 5 silver javelins (quivered)
Armour
 h - a +2 pair of gloves
 l - a +0 tower shield of fire resistance (worn)
 m - a +2 pair of boots (worn)
 o - a +2 helmet (worn)
 r - the +1 pair of gloves of Defence (worn) {rC+}
   (You found it on level 1 of the Shoals)

   rC:        It protects you from cold.
 w - a scarf of repulsion (worn)
 x - the +12 plate armour "Goyl" (worn) {Str+4}
   (You bought it in a shop on level 2 of the Orcish Mines)

   Str:       It affects your strength (+4).
 z - a +2 cloak
Jewellery
 c - a +4 ring of protection (left hand)
 t - a ring of protection from fire
 u - an amulet of reflection (around neck)
 v - a +4 ring of slaying (right hand) {mikee}
 A - a ring of protection from fire
Scrolls
 a - 13 scrolls of identify
 i - 3 scrolls of teleportation
 s - 2 scrolls of enchant armour
Potions
 d - 12 potions of curing
 g - a potion of resistance
 k - 7 potions of might
 n - 3 potions of mutation
 p - a potion of haste
 q - 3 potions of cancellation

Dungeon Overview and Level Annotations

Branches:
Dungeon (15/15)            Temple (0/1) D:5            Lair (5/5) D:10
 Shoals (2/4) Lair:3        Snake (3/4) Lair:2        Slime (0/5) Lair:4
    Orc (2/2) D:12            Elf (0/3) Orc:2        Vaults (0/5) D:13
 Depths (0/4) D:15

Altars:
Elyvilon
Gozag
Nemelex Xobeh
Sif Muna
Trog
Xom

Shops:
D:1 [   D:5 (   D:7 *   Orc:2 =!=[   Snake:2 *(

Annotations:
D:4 1 runed translucent door, Crazy Yiuf
D:7 3 runed translucent doors, qw's ghost, novice MiBe
D:10 3 runed translucent doors, qw's ghost, journeyman FoCA


Message History

The bone dragon bites you but does no damage.
You block the bone dragon's attack. The bone dragon barely misses you.
You block the bone dragon's attack.
The bone dragon claws you but does no damage.
The bone dragon tramples you but does no damage.
Found a gateway leading deeper into the Abyss.
You slash the bone dragon!
The bone dragon is heavily damaged.
The bone dragon closely misses you. You block the bone dragon's attack. x2
You slash the bone dragon!
The bone dragon is heavily damaged.
You feel yourself speed up.
The bone dragon bites you but does no damage.
The bone dragon claws you but does no damage.
You block the bone dragon's attack. x3
The bone dragon tramples you but does no damage.
You slash the bone dragon!
The bone dragon is severely damaged.
You hit the bone dragon but do no damage.
The bone dragon is severely damaged.
You block the bone dragon's attack.
The bone dragon claws you but does no damage.
The bone dragon tramples you but does no damage.
You slice the bone dragon!!
The bone dragon is almost destroyed.
You block the bone dragon's attack. x3
You barely miss the bone dragon.
The bone dragon is severely damaged.
You block the bone dragon's attack.
The bone dragon claws you but does no damage.
The bone dragon tramples you.
You are shoved backwards!
You slice the bone dragon!!
The bone dragon is almost destroyed.
The bone dragon bites you!
Your body deteriorates!
You feel clumsy. You block the bone dragon's attack.
The bone dragon closely misses you.
You slash the bone dragon!
The bone dragon is almost destroyed.
The bone dragon bites you.
You die...

.... ..... #
#>.... ......
#..... ......
#...#.###....#
....#........##
#.......#....#
#.#......).ยค.#
##.....@......#
+......D......#
####....#.#####
.##'#..... .#
.............
.......#......##
................#
#####'##.......#.
#. #.......


You could see a bone dragon.

Vanquished Creatures
  Vashnia (Snake:3)
  Nikola (Shoals:1)
  Mlioglotl (Shoals:1)
  2 orc warlords (Orc:2)
  2 nagarajas
  A balrug (Abyss:2)
  A lorocyproca (Abyss:2)
  Nessos (D:14)
  Snorg (Lair:3)
  An elf zombie (Abyss:2)
  Josephine (Shoals:1)
  A fire dragon (Lair:5)
  4 merfolk impalers
  A merfolk javelineer (Shoals:1)
  A spriggan zombie (Abyss:2)
  Fannar (D:10)
  A rakshasa (D:15)
  A vault guard (D:13)
  A catoblepas (D:15)
  An alligator snapping turtle (Snake:1)
  5 two-headed ogres
  An alligator (Snake:1)
  6 anacondas
  5 boulder beetles
  7 hydras
  6 centaur warriors
  8 naga warriors
  3 death yaks (Lair:4)
  6 naga sharpshooters (Snake:3)
  4 orc high priests (Orc:2)
  4 shock serpents
  Nergalle (D:11)
  Amaemon (Lair:3)
  A wretched star (Abyss:2)
  A salamander mystic (Snake:2)
  A goliath frog (Snake:1)
  A glowing orange brain (D:15)
  5 naga ritualists
  A swamp dragon (Lair:5)
  15 sea snakes
  A lindwurm (shapeshifter) (D:15)
  7 orc knights
  10 manticores
  2 wolf spiders (Lair:3)
  7 cyclopes
  2 deep elf pyromancers (D:15)
  10 mana vipers
  4 fauns
  7 orc sorcerers
  7 salamanders
  A worldbinder (Abyss:2)
  2 merfolk sirens
  5 elephants (Lair:5)
  8 ugly things
  3 guardian serpents
  34 black mambas
  7 naga magi
  A water nymph (Shoals:2)
  A gargoyle (D:13)
  An orange demon (Lair:3)
  7 cane toads
  3 smoke demons (Abyss:2)
  2 hellions (Abyss:2)
  5 komodo dragons
  2 efreet (D:15)
  2 rime drakes
  A freezing wraith (D:13)
  7 starcursed masses (Abyss:2)
  5 wind drakes
  A meliai (D:13)
  7 merfolk (Shoals:1)
  12 trolls
  2 ancient zymes (Abyss:2)
  9 polar bears
  5 slime creatures
  4 dream sheep (Lair:5)
  19 blink frogs
  6 raiju
  3 snapping turtles (Snake:1)
  3 large abominations (Abyss:2)
  4 flying skulls (Abyss:2)
  5 water elementals
  A shadow (D:9)
  7 wyverns
  63 yaks
  4 wraiths
  A vampire (D:13)
  18 vampire mosquitoes
  A fire bat (Abyss:2)
  7 steam dragons
  A neqoxec (Abyss:2)
  5 basilisks
  A chaos spawn (Abyss:2)
  6 wargs
  3 acid dragons
  10 water moccasins
  24 nagas
  14 hell hounds (Lair:5)
  A swamp drake (Lair:5)
  3 ice beasts
  39 orc warriors
  15 black bears
  15 centaurs
  9 ogres
  27 wolves
  3 kobold brigands
  9 bullfrogs
  4 necrophages
  4 scorpions
  3 small abominations (Abyss:2)
  2 wights
  9 killer bees
  12 electric eels
  2 howler monkeys
  A quasit (Abyss:2)
  2 hounds
  3 jellies (Lair:4)
  34 orc priests
  8 iguanas
  Natasha (thrice) (D:4)
  15 orc wizards
  7 hell rats (Lair:2)
  Robin (D:4)
  3 gnolls (D:6)
  7 adders
  A white imp (D:5)
  An ufetubus (Abyss:2)
  4 worms
  4 dart slugs
  100 orcs
  6 ball pythons
  12 endoplasms
  7 giant cockroaches
  12 goblins
  10 hobgoblins
  7 jackals
  A quokka (D:2)
  9 bats
  2 frilled lizards
  21 kobolds
  4 rats
  A plant (Lair:5)
  2 starspawn tentacles (Shoals:1)
952 creatures vanquished.

Vanquished Creatures (collateral kills)
  3 hydras
  A flayed ghost (Abyss:2)
  A cyclops (D:13)
  A polar bear (Lair:5)
  2 nagas (Snake:3)
  A large abomination (Abyss:2)
9 creatures vanquished.

Vanquished Creatures (others)
  A naga sharpshooter (Snake:3)
  A naga (Snake:3)
  A swamp drake (Lair:5)
  An iguana (Lair:5)
  An orc (Orc:2)
  29 fungi
  107 plants
  2 starspawn tentacles (Shoals:1)
143 creatures vanquished.

Grand Total: 1104 creatures vanquished

Notes
Turn   | Place    | Note
-------+----------+-------------------------------------------
     0 | D:1      | qw the Gargoyle Berserker began the quest for the Orb.
     0 | D:1      | Reached XP level 1. HP: 14/14 MP: 1/1
     0 | D:1      | 0 ||| qw: Version: 0.1-a-103-gd6f5d3a
     0 | D:1      | 0 ||| qw: Game counter: 5716
     0 | D:1      | 0 ||| qw: Always use a shield: true
     0 | D:1      | 0 ||| qw: Do Orc after D:15 true
     0 | D:1      | 0 ||| qw: Do second Lair branch before Depths: true
     0 | D:1      | 0 ||| qw: Lair rune preference: random
     0 | D:1      | 0 ||| qw: Plans: Normal
     0 | D:1      | 0 ||| PLANNING D:1-11
    40 | D:1      | Found a faded altar of an unknown god.
    41 | D:1      | 41 ||| Stepping ~*~*~tactically~*~*~ (stealth).
    50 | D:1      | Reached skill level 3 in Axes
    59 | D:1      | 59 ||| Stepping ~*~*~tactically~*~*~ (stealth).
    63 | D:1      | 63 ||| Stepping ~*~*~tactically~*~*~ (hiding).
    75 | D:1      | Reached XP level 2. HP: 9/19 MP: 2/2
    75 | D:1      | 75 ||| INVOKING Berserk.
   249 | D:1      | 249 ||| Stepping ~*~*~tactically~*~*~ (stealth).
   475 | D:1      | 475 ||| INVOKING Berserk.
   475 | D:1      | HP: 7/28 [kobold/+2 whip of freezing (4)]
   734 | D:1      | 734 ||| DROPPING +0 whip.
   892 | D:1      | Reached XP level 3. HP: 23/23 MP: 3/3
   944 | D:1      | Found Qeakhasi's Armour Shoppe.
   959 | D:1      | 959 ||| SHOPLISTING +1 helmet of Jedagiat {rElec} (329
                  | gold, have 38).
  1184 | D:1      | 1184 ||| Stepping ~*~*~tactically~*~*~ (stealth).
  1411 | D:1      | 1411 ||| UPGRADING to +0 plate armour.
  1421 | D:1      | 1421 ||| DROPPING +0 animal skin.
  1422 | D:1      | 1422 ||| UPGRADING to ring of positive energy.
  1423 | D:1      | 1423 ||| READING scroll labelled UNAIT NEGARR.
  1424 | D:1      | 1424 ||| DRINKING 3 pink potions.
  1448 | D:2      | Reached ** piety under Trog
  1653 | D:2      | 1653 ||| INVOKING Berserk.
  1658 | D:2      | Reached XP level 4. HP: 28/28 MP: 4/4
  2072 | D:2      | 2072 ||| DROPPING +2 whip of freezing.
  2214 | D:2      | 2214 ||| READING scroll labelled DEROUF DUNYNU.
  2215 | D:2      | 2215 ||| READING scroll labelled UCWIMA BALOIN.
  2253 | D:3      | 2253 ||| STAIRDANCE
  2532 | D:3      | 2532 ||| Stepping ~*~*~tactically~*~*~ (stealth).
  2643 | D:3      | 2643 ||| Stepping ~*~*~tactically~*~*~ (hiding).
  2656 | D:3      | 2656 ||| Stepping ~*~*~tactically~*~*~ (stealth).
  2657 | D:3      | 2657 ||| Stepping ~*~*~tactically~*~*~ (stealth).
  2661 | D:3      | 2661 ||| Stepping ~*~*~tactically~*~*~ (stealth).
  2807 | D:3      | Reached XP level 5. HP: 27/32 MP: 5/5
  3200 | D:3      | Reached skill level 3 in Armour
  3212 | D:3      | 3212 ||| UPGRADING to ring of protection from fire.
  3213 | D:3      | 3213 ||| READING scroll labelled MAUGOT WINI.
  3216 | D:3      | 3216 ||| DRINKING 2 metallic emerald potions.
  3217 | D:3      | 3217 ||| DROPPING potion of degeneration.
  3260 | D:4      | 3260 ||| STAIRDANCE
  3389 | D:4      | Found a white marble altar of Elyvilon.
  3439 | D:4      | 3439 ||| Stepping ~*~*~tactically~*~*~ (stealth).
  3448 | D:4      | Noticed Robin
  3455 | D:4      | 3455 ||| INVOKING Berserk.
  3459 | D:4      | Reached XP level 6. HP: 33/38 MP: 6/6
  3465 | D:4      | Killed Robin
  3472 | D:4      | Reached *** piety under Trog
  3877 | D:4      | Found a runed translucent door.
  3878 | D:4      | Noticed Crazy Yiuf
  3974 | D:4      | Noticed Natasha
  3975 | D:4      | 3975 ||| Stepping ~*~*~tactically~*~*~ (stealth).
  3976 | D:4      | 3976 ||| Stepping ~*~*~tactically~*~*~ (stealth).
  3980 | D:4      | 3980 ||| INVOKING Berserk.
  3993 | D:4      | Killed Natasha
  4194 | D:4      | 4194 ||| INVOKING Berserk.
  4198 | D:4      | Reached skill level 6 in Axes
  4207 | D:4      | Noticed Natasha
  4215 | D:4      | Killed Natasha
  4328 | D:4      | Noticed Natasha
  4332 | D:4      | 4332 ||| INVOKING Berserk.
  4339 | D:4      | Killed Natasha
  4612 | D:4      | 4612 ||| UPGRADING to +0 pair of gloves.
  4617 | D:4      | 4617 ||| UPGRADING to +0 helmet.
  4622 | D:4      | 4622 ||| READING scroll labelled UXIHURHOLI.
  4623 | D:4      | 4623 ||| READING scroll labelled WYUSTI AFUDD.
  4624 | D:4      | 4624 ||| READING scroll labelled AFUPUABOHO.
  4625 | D:4      | 4625 ||| READING scroll labelled PYTIEQIGHA.
  4626 | D:4      | 4626 ||| DRINKING 3 smoky golden potions.
  4627 | D:4      | 4627 ||| READING 2 scrolls of identify.
  4627 | D:4      | 4627 ||| IDENTIFYING blue potion
  4628 | D:4      | 4628 ||| DROPPING potion of ambrosia.
  4696 | D:5      | Entered Level 5 of the Dungeon
  4734 | D:5      | Found a staircase to the Ecumenical Temple.
  4767 | D:5      | Reached XP level 7. HP: 40/43 MP: 7/7
  5006 | D:5      | 5006 ||| INVOKING Berserk.
  5037 | D:5      | 5037 ||| Stepping ~*~*~tactically~*~*~ (stealth).
  5038 | D:5      | 5038 ||| Stepping ~*~*~tactically~*~*~ (stealth).
  5041 | D:5      | 5041 ||| Stepping ~*~*~tactically~*~*~ (stealth).
  5045 | D:5      | 5045 ||| Stepping ~*~*~tactically~*~*~ (stealth).
  5046 | D:5      | 5046 ||| Stepping ~*~*~tactically~*~*~ (stealth).
  5062 | D:5      | 5062 ||| INVOKING Berserk.
  5076 | D:5      | 5076 ||| DRINKING 3 potions of curing.
  5076 | D:5      | 5076 ||| (to cure confusion)
  5318 | D:5      | 5318 ||| SWAPPING to +0 war axe.
  5388 | D:5      | 5388 ||| DROPPING +0 hand axe.
  5389 | D:5      | Found Giycwio's Antique Weapon Emporium.
  5555 | D:5      | 5555 ||| Stepping ~*~*~tactically~*~*~ (stealth).
  5561 | D:5      | 5561 ||| INVOKING Berserk.
  5575 | D:5      | HP: 11/44 [electric eel/bolt of electricity (2)]
  5576 | D:5      | 5576 ||| READING scroll of teleportation.
  5577 | D:5      | 5577 ||| DRINKING 2 potions of heal wounds.
  5741 | D:5      | 5741 ||| FLEEEEING.
  5742 | D:5      | 5742 ||| FLEEEEING.
  5743 | D:5      | 5743 ||| FLEEEEING.
  5815 | D:5      | 5815 ||| INVOKING Berserk.
  5831 | D:5      | Reached XP level 8. HP: 29/49 MP: 8/8
  5972 | D:5      | 5972 ||| INVOKING Berserk.
  5977 | D:5      | Reached skill level 1 in Throwing
  6047 | D:5      | 6047 ||| READING scroll labelled XOGEDIF TAOPPU.
  6048 | D:5      | 6048 ||| READING scroll labelled FUNUEM ERUITWA.
  6049 | D:5      | 6049 ||| READING scroll labelled HIBASUISALOPH.
  6050 | D:5      | 6050 ||| READING 6 scrolls of identify.
  6050 | D:5      | 6050 ||| IDENTIFYING viscous white potion
  6051 | D:5      | 6051 ||| READING 5 scrolls of identify.
  6051 | D:5      | 6051 ||| IDENTIFYING sapphire potion
  6052 | D:5      | 6052 ||| READING 4 scrolls of identify.
  6052 | D:5      | 6052 ||| IDENTIFYING fizzy purple potion
  6053 | D:5      | 6053 ||| DROPPING potion of lignification.
  6054 | D:5      | 6054 ||| DROPPING potion of attraction.
  6239 | D:6      | 6239 ||| FLEEEEING.
  6240 | D:6      | 6240 ||| FLEEEEING.
  6241 | D:6      | 6241 ||| FLEEEEING.
  6242 | D:6      | 6242 ||| FLEEEEING.
  6243 | D:6      | 6243 ||| FLEEEEING.
  6244 | D:6      | 6244 ||| FLEEEEING.
  6248 | D:6      | 6248 ||| FLEEEEING.
  6249 | D:6      | 6249 ||| FLEEEEING.
  6250 | D:6      | 6250 ||| FLEEEEING.
  6460 | D:6      | 6460 ||| INVOKING Berserk.
  6657 | D:6      | 6657 ||| INVOKING Berserk.
  6712 | D:6      | 6712 ||| FLEEEEING.
  6814 | D:6      | 6814 ||| Stepping ~*~*~tactically~*~*~ (stealth).
  6821 | D:6      | 6821 ||| Stepping ~*~*~tactically~*~*~ (stealth).
  6822 | D:6      | 6822 ||| Stepping ~*~*~tactically~*~*~ (stealth).
  6823 | D:6      | 6823 ||| Stepping ~*~*~tactically~*~*~ (stealth).
  6914 | D:6      | Reached skill level 6 in Fighting
  6943 | D:6      | 6943 ||| Stepping ~*~*~tactically~*~*~ (stealth).
  6945 | D:6      | 6945 ||| Stepping ~*~*~tactically~*~*~ (hiding).
  6956 | D:6      | 6956 ||| INVOKING Berserk.
  7358 | D:6      | 7358 ||| INVOKING Berserk.
  7360 | D:6      | Reached XP level 9. HP: 55/55 MP: 9/9
  7473 | D:6      | 7473 ||| UPGRADING to +2 pair of gloves.
  7483 | D:6      | 7483 ||| DROPPING +0 pair of gloves.
  7484 | D:6      | 7484 ||| UPGRADING to +0 pair of boots.
  7489 | D:6      | 7489 ||| READING scroll labelled NIFAMEFEIK.
  7590 | D:6      | 7590 ||| READING scroll labelled OGRION MOILALU.
  7591 | D:6      | 7591 ||| READING 3 scrolls of identify.
  7591 | D:6      | 7591 ||| IDENTIFYING puce potion
  7641 | D:7      | 7641 ||| Stepping ~*~*~tactically~*~*~ (stealth).
  7651 | D:7      | 7651 ||| Stepping ~*~*~tactically~*~*~ (hiding).
  7652 | D:7      | 7652 ||| Stepping ~*~*~tactically~*~*~ (hiding).
  7657 | D:7      | 7657 ||| INVOKING Berserk.
  7663 | D:7      | Reached skill level 9 in Axes
  7778 | D:7      | 7778 ||| Stepping ~*~*~tactically~*~*~ (hiding).
  7782 | D:7      | Found a shimmering blue altar of Sif Muna.
  7815 | D:7      | Found a bloodstained altar of Trog.
  7817 | D:7      | 7817 ||| INVOKING Berserk.
  8018 | D:7      | Reached skill level 6 in Armour
  8022 | D:7      | Found a flagged portal.
  8027 | D:7      | Identified the +3 halberd of the Valley {freeze, rPois
                  | Str-2 Int+6}
  8185 | D:7      | 8185 ||| INVOKING Berserk.
  8573 | D:7      | Found Wepnawk's General Store.
  8582 | D:7      | 8582 ||| BUYING +2 buckler (214 gold).
  8582 | D:7      | Bought a +2 buckler for 214 gold pieces
  8582 | D:7      | 8582 ||| BUYING potion of curing (39 gold).
  8582 | D:7      | Bought a potion of curing for 39 gold pieces
  8582 | D:7      | 8582 ||| SHOPLISTING wand of digging (5) (273 gold, have
                  | 175).
  8699 | D:7      | 8699 ||| Stepping ~*~*~tactically~*~*~ (hiding).
  8700 | D:7      | 8700 ||| Stepping ~*~*~tactically~*~*~ (hiding).
  8804 | D:7      | Found a runed translucent gate.
  8804 | D:7      | Found a runed translucent gate.
  8804 | D:7      | Found a runed translucent gate.
  8805 | D:7      | Noticed qw's ghost (novice MiBe)
  9006 | D:7      | Noticed a green ugly thing
  9031 | D:7      | Killed a green ugly thing
  9032 | D:7      | Reached XP level 10. HP: 53/64 MP: 10/10
  9354 | D:7      | 9354 ||| Stepping ~*~*~tactically~*~*~ (stealth).
  9355 | D:7      | 9355 ||| Stepping ~*~*~tactically~*~*~ (stealth).
  9376 | D:7      | 9376 ||| UPGRADING to +2 buckler.
  9381 | D:7      | 9381 ||| READING scroll labelled BOLE INARODOGINOTE.
  9463 | D:8      | Reached skill level 1 in Shields
  9615 | D:8      | Found a shimmering altar of Xom.
  9622 | D:8      | Found a sparkling altar of Nemelex Xobeh.
  9651 | D:8      | 9651 ||| SWAPPING to +1 war axe of draining.
  9652 | D:8      | 9652 ||| DROPPING +1 war axe.
  9664 | D:8      | 9664 ||| INVOKING Berserk.
  9801 | D:8      | 9801 ||| Stepping ~*~*~tactically~*~*~ (stealth).
  9802 | D:8      | 9802 ||| Stepping ~*~*~tactically~*~*~ (stealth).
  9815 | D:8      | Reached skill level 3 in Shields
 10125 | D:8      | 10125 ||| Stepping ~*~*~tactically~*~*~ (stealth).
 10127 | D:8      | 10127 ||| Stepping ~*~*~tactically~*~*~ (hiding).
 10131 | D:8      | 10131 ||| Stepping ~*~*~tactically~*~*~ (stealth).
 10468 | D:8      | 10468 ||| DROPPING ring of flight.
 10496 | D:9      | 10496 ||| STAIRDANCE
 10566 | D:9      | 10566 ||| STAIRDANCE
 10589 | D:9      | 10589 ||| INVOKING Berserk.
 10819 | D:9      | 10819 ||| READING scroll of enchant armour.
 10819 | D:9      | 10819 ||| ENCHANTING +0 helmet.
 10846 | D:9      | 10846 ||| Stepping ~*~*~tactically~*~*~ (stealth).
 10849 | D:9      | Reached **** piety under Trog
 10918 | D:9      | 10918 ||| INVOKING Berserk.
 10922 | D:9      | Reached skill level 9 in Fighting
 10922 | D:9      | Reached XP level 11. HP: 71/71 MP: 11/11
 11041 | D:9      | 11041 ||| Stepping ~*~*~tactically~*~*~ (stealth).
 11043 | D:9      | 11043 ||| Stepping ~*~*~tactically~*~*~ (stealth).
 11055 | D:9      | 11055 ||| INVOKING Berserk.
 11196 | D:9      | 11196 ||| Stepping ~*~*~tactically~*~*~ (stealth).
 11258 | D:9      | 11258 ||| Stepping ~*~*~tactically~*~*~ (stealth).
 11259 | D:9      | 11259 ||| Stepping ~*~*~tactically~*~*~ (stealth).
 11260 | D:9      | 11260 ||| Stepping ~*~*~tactically~*~*~ (stealth).
 11261 | D:9      | 11261 ||| Stepping ~*~*~tactically~*~*~ (stealth).
 11290 | D:9      | 11290 ||| READING scroll of enchant weapon.
 11290 | D:9      | 11290 ||| ENCHANTING +1 war axe of draining.
 11511 | D:9      | 11511 ||| UPGRADING to +6 ring of strength.
 11513 | D:9      | 11513 ||| READING 3 scrolls of identify.
 11513 | D:9      | 11513 ||| IDENTIFYING amethyst potion
 11514 | D:9      | 11514 ||| DROPPING potion of flight.
 11632 | D:9      | 11632 ||| READING 3 scrolls of teleportation.
 11633 | D:9      | 11633 ||| STAIRDANCE
 11664 | D:9      | 11664 ||| STAIRDANCE
 11714 | D:9      | 11714 ||| INVOKING Berserk.
 11719 | D:9      | 11719 ||| STAIRDANCE
 11848 | D:10     | Entered Level 10 of the Dungeon
 11856 | D:10     | 11856 ||| Stepping ~*~*~tactically~*~*~ (hiding).
 11920 | D:10     | 11920 ||| Stepping ~*~*~tactically~*~*~ (stealth).
 11945 | D:10     | 11945 ||| Stepping ~*~*~tactically~*~*~ (stealth).
 11952 | D:10     | Reached skill level 12 in Axes
 11962 | D:10     | Found a staircase to the Lair.
 11976 | D:10     | Reached skill level 6 in Shields
 12104 | D:10     | 12104 ||| INVOKING Berserk.
 12233 | D:10     | 12233 ||| Stepping ~*~*~tactically~*~*~ (stealth).
 12234 | D:10     | 12234 ||| Stepping ~*~*~tactically~*~*~ (stealth).
 12404 | D:10     | Found a runed translucent gate.
 12404 | D:10     | Found a runed translucent gate.
 12404 | D:10     | Found an opulent altar of Gozag.
 12404 | D:10     | Found a runed translucent gate.
 12404 | D:10     | Noticed qw's ghost (journeyman FoCA)
 12406 | D:10     | Noticed a centaur warrior
 12438 | D:10     | 12438 ||| INVOKING Berserk.
 12627 | D:10     | Noticed Fannar
 12634 | D:10     | 12634 ||| INVOKING Berserk.
 12644 | D:10     | HP: 8/106 [Fannar/staff of cold (21)]
 12649 | D:10     | Killed Fannar
 12650 | D:10     | Reached skill level 9 in Armour
 13069 | D:10     | 13069 ||| INVOKING Berserk.
 13197 | D:10     | 13197 ||| Stepping ~*~*~tactically~*~*~ (hiding).
 13205 | D:10     | 13205 ||| INVOKING Berserk.
 13531 | D:10     | 13531 ||| UPGRADING to +2 plate armour of cold resistance.
 13541 | D:10     | 13541 ||| PLANNING LAIR
 13541 | D:10     | 13541 ||| DROPPING +0 plate armour.
 13542 | D:10     | 13542 ||| READING scroll labelled RILEEN PUKAPYE.
 13581 | Lair:1   | Entered Level 1 of the Lair of Beasts
 13605 | Lair:1   | You fall into a shaft and drop 1 floor!
 14002 | Lair:1   | 14002 ||| INVOKING Berserk.
 14205 | Lair:1   | Noticed a boulder beetle
 14208 | Lair:1   | 14208 ||| INVOKING Berserk.
 14212 | Lair:1   | Killed a boulder beetle
 14407 | Lair:1   | Noticed a five-headed hydra
 14410 | Lair:1   | 14410 ||| SWAPPING to +0 flail.
 14412 | Lair:1   | 14412 ||| INVOKING Berserk.
 14420 | Lair:1   | Killed a five-headed hydra
 14506 | Lair:1   | 14506 ||| SWAPPING to +2 war axe of draining.
 14776 | Lair:1   | 14776 ||| READING scroll labelled ARIWKEEGAY.
 14777 | Lair:1   | 14777 ||| READING 5 scrolls of identify.
 14777 | Lair:1   | 14777 ||| IDENTIFYING metallic yellow potion
 14824 | Lair:2   | Reached XP level 12. HP: 66/77 MP: 12/12
 14998 | Lair:2   | 14998 ||| Stepping ~*~*~tactically~*~*~ (stealth).
 14999 | Lair:2   | 14999 ||| Stepping ~*~*~tactically~*~*~ (stealth).
 15001 | Lair:2   | 15001 ||| Stepping ~*~*~tactically~*~*~ (stealth).
 15025 | Lair:2   | 15025 ||| INVOKING Berserk.
 15445 | Lair:2   | 15445 ||| Stepping ~*~*~tactically~*~*~ (hiding).
 15492 | Lair:2   | 15492 ||| Stepping ~*~*~tactically~*~*~ (hiding).
 15542 | Lair:2   | Found a staircase to the Snake Pit.
 15701 | Lair:2   | 15701 ||| Stepping ~*~*~tactically~*~*~ (stealth).
 15703 | Lair:2   | 15703 ||| Stepping ~*~*~tactically~*~*~ (stealth).
 15707 | Lair:2   | 15707 ||| Stepping ~*~*~tactically~*~*~ (stealth).
 16083 | Lair:2   | 16083 ||| UPGRADING to +4 ring of protection.
 16085 | Lair:2   | 16085 ||| DROPPING ring of ice.
 16086 | Lair:2   | 16086 ||| DROPPING ring of positive energy.
 16087 | Lair:2   | 16087 ||| UPGRADING to +6 ring of strength.
 16120 | Lair:3   | 16120 ||| Stepping ~*~*~tactically~*~*~ (stealth).
 16122 | Lair:3   | 16122 ||| Stepping ~*~*~tactically~*~*~ (stealth).
 16126 | Lair:3   | 16126 ||| INVOKING Berserk.
 16417 | Lair:3   | 16417 ||| READING scroll of enchant weapon.
 16417 | Lair:3   | 16417 ||| ENCHANTING +2 vorpal war axe.
 16527 | Lair:3   | Noticed Snorg
 16531 | Lair:3   | 16531 ||| INVOKING Berserk.
 16533 | Lair:3   | Noticed Amaemon
 16538 | Lair:3   | Killed Snorg
 16548 | Lair:3   | Killed Amaemon
 16657 | Lair:3   | 16657 ||| DROPPING +0 flail.
 16697 | Lair:3   | 16697 ||| INVOKING Berserk.
 16861 | Lair:3   | Found a staircase to the Shoals.
 16952 | Lair:3   | 16952 ||| INVOKING Berserk.
 17202 | Lair:3   | Noticed a five-headed hydra
 17203 | Lair:3   | 17203 ||| INVOKING Brothers in Arms.
 17205 | Lair:3   | 17205 ||| SWAPPING to -2 demon whip of venom.
 17207 | Lair:3   | 17207 ||| INVOKING Berserk.
 17208 | Lair:3   | Killed a five-headed hydra
 17213 | Lair:3   | 17213 ||| SWAPPING to +3 vorpal war axe.
 17339 | Lair:3   | Reached XP level 13. HP: 84/84 MP: 13/13
 17662 | Lair:4   | 17662 ||| STAIRDANCE
 17676 | Lair:4   | 17676 ||| SWAPPING to -2 demon whip of venom.
 17677 | Lair:4   | 17677 ||| INVOKING Berserk.
 17689 | Lair:4   | 17689 ||| STAIRDANCE
 17794 | Lair:3   | 17794 ||| SWAPPING to +3 vorpal war axe.
 17802 | Lair:4   | 17802 ||| Stepping ~*~*~tactically~*~*~ (stealth).
 17803 | Lair:4   | 17803 ||| INVOKING Berserk.
 17835 | Lair:4   | Reached skill level 15 in Axes
 18112 | Lair:4   | 18112 ||| INVOKING Berserk.
 18144 | Lair:4   | Reached skill level 3 in Dodging
 18386 | Lair:4   | Found a staircase to the Slime Pits.
 18562 | Lair:4   | 18562 ||| INVOKING Berserk.
 18733 | Lair:4   | 18733 ||| Stepping ~*~*~tactically~*~*~ (hiding).
 19097 | Lair:4   | 19097 ||| READING 8 scrolls of identify.
 19097 | Lair:4   | 19097 ||| IDENTIFYING grey potion
 19098 | Lair:4   | 19098 ||| DROPPING potion of berserk rage.
 19112 | Lair:5   | Entered Level 5 of the Lair of Beasts
 19206 | Lair:5   | 19206 ||| INVOKING Brothers in Arms.
 19207 | Lair:5   | 19207 ||| INVOKING Brothers in Arms.
 19209 | Lair:5   | 19209 ||| INVOKING Berserk.
 19220 | Lair:5   | Reached skill level 3 in Throwing
 19370 | Lair:5   | Identified the +9 sling "Faaw" {flame, rElec rC+ Str+2}
 19376 | Lair:5   | 19376 ||| Stepping ~*~*~tactically~*~*~ (stealth).
 19378 | Lair:5   | 19378 ||| Stepping ~*~*~tactically~*~*~ (stealth).
 19380 | Lair:5   | 19380 ||| Stepping ~*~*~tactically~*~*~ (stealth).
 19476 | Lair:5   | 19476 ||| Stepping ~*~*~tactically~*~*~ (hiding).
 19478 | Lair:5   | 19478 ||| INVOKING Berserk.
 19498 | Lair:5   | Reached skill level 12 in Fighting
 19661 | Lair:5   | 19661 ||| READING scroll of enchant armour.
 19661 | Lair:5   | 19661 ||| ENCHANTING +1 helmet.
 19669 | Lair:5   | 19669 ||| Stepping ~*~*~tactically~*~*~ (stealth).
 19691 | Lair:5   | 19691 ||| Stepping ~*~*~tactically~*~*~ (hiding).
 19707 | Lair:5   | Gained mutation: Your large and strong wings let you fly.
                  | [Gargoyle growth]
 19707 | Lair:5   | Reached XP level 14. HP: 92/92 MP: 14/14
 19755 | Lair:5   | 19755 ||| Stepping ~*~*~tactically~*~*~ (stealth).
 19762 | Lair:5   | 19762 ||| INVOKING Berserk.
 19941 | Lair:5   | 19941 ||| READING scroll of enchant weapon.
 19941 | Lair:5   | 19941 ||| ENCHANTING +3 vorpal war axe.
 19944 | Lair:5   | 19944 ||| Stepping ~*~*~tactically~*~*~ (hiding).
 19969 | Lair:5   | Identified the +1 leather armour of the Bedazzling Gods
                  | {rPois Str+4 Int+3 Slay-3}
 20034 | Lair:5   | HP: 18/92 [oklob plant/splash of acid (30)]
 20035 | Lair:5   | 20035 ||| READING 5 scrolls of teleportation.
 20036 | Lair:5   | 20036 ||| DRINKING 4 potions of heal wounds.
 20302 | Lair:5   | 20302 ||| DRINKING potion of cancellation.
 20331 | Lair:5   | HP: 15/92 [oklob plant/splash of acid (16)]
 20332 | Lair:5   | 20332 ||| READING 4 scrolls of teleportation.
 20333 | Lair:5   | 20333 ||| DRINKING 3 potions of heal wounds.
 20671 | Lair:5   | 20671 ||| Stepping ~*~*~tactically~*~*~ (stealth).
 20688 | Lair:5   | 20688 ||| INVOKING Berserk.
 20707 | Lair:5   | 20707 ||| Stepping ~*~*~tactically~*~*~ (stealth).
 20824 | Lair:5   | 20824 ||| Stepping ~*~*~tactically~*~*~ (hiding).
 20840 | Lair:5   | 20840 ||| INVOKING Berserk.
 20851 | Lair:5   | 20851 ||| Stepping ~*~*~tactically~*~*~ (stealth).
 20864 | Lair:5   | 20864 ||| Stepping ~*~*~tactically~*~*~ (stealth).
 20886 | Lair:5   | 20886 ||| Stepping ~*~*~tactically~*~*~ (stealth).
 20988 | Lair:5   | 20988 ||| Stepping ~*~*~tactically~*~*~ (hiding).
 20997 | Lair:5   | 20997 ||| Stepping ~*~*~tactically~*~*~ (stealth).
 21019 | Lair:5   | 21019 ||| Stepping ~*~*~tactically~*~*~ (hiding).
 21037 | Lair:5   | 21037 ||| INVOKING Brothers in Arms.
 21040 | Lair:5   | 21040 ||| Stepping ~*~*~tactically~*~*~ (stealth).
 21041 | Lair:5   | 21041 ||| INVOKING Brothers in Arms.
 21042 | Lair:5   | 21042 ||| SWAPPING to -2 demon whip of venom.
 21043 | Lair:5   | 21043 ||| INVOKING Berserk.
 21088 | Lair:5   | 21088 ||| INVOKING Brothers in Arms.
 21089 | Lair:5   | 21089 ||| Stepping ~*~*~tactically~*~*~ (outnumbered).
 21091 | Lair:5   | 21091 ||| SWAPPING to +4 vorpal war axe.
 21295 | Lair:5   | 21295 ||| Stepping ~*~*~tactically~*~*~ (stealth).
 21318 | Lair:5   | 21318 ||| Stepping ~*~*~tactically~*~*~ (stealth).
 21320 | Lair:5   | 21320 ||| Stepping ~*~*~tactically~*~*~ (stealth).
 21345 | Lair:5   | 21345 ||| Stepping ~*~*~tactically~*~*~ (hiding).
 21453 | Lair:5   | 21453 ||| Stepping ~*~*~tactically~*~*~ (stealth).
 21456 | Lair:5   | 21456 ||| Stepping ~*~*~tactically~*~*~ (stealth).
 21457 | Lair:5   | 21457 ||| Stepping ~*~*~tactically~*~*~ (stealth).
 21462 | Lair:5   | 21462 ||| Stepping ~*~*~tactically~*~*~ (hiding).
 21471 | Lair:5   | Reached skill level 12 in Armour
 21542 | Lair:5   | 21542 ||| Stepping ~*~*~tactically~*~*~ (stealth).
 21544 | Lair:5   | 21544 ||| Stepping ~*~*~tactically~*~*~ (hiding).
 21559 | Lair:5   | 21559 ||| Stepping ~*~*~tactically~*~*~ (stealth).
 21798 | Lair:5   | 21798 ||| FLEEEEING.
 21799 | Lair:5   | 21799 ||| FLEEEEING.
 21800 | Lair:5   | 21800 ||| FLEEEEING.
 21803 | Lair:5   | 21803 ||| STAIRDANCE
 21905 | Lair:4   | 21905 ||| READING scroll labelled RIEDOCK BEGH.
 21983 | Lair:4   | 21983 ||| READING 8 scrolls of identify.
 21983 | Lair:4   | 21983 ||| IDENTIFYING glowing grey potion
 22047 | Lair:5   | 22047 ||| FLEEEEING.
 22048 | Lair:5   | 22048 ||| FLEEEEING.
 22200 | Lair:5   | 22200 ||| PLANNING D:1-11
 22298 | D:11     | 22298 ||| STAIRDANCE
 22333 | D:11     | 22333 ||| STAIRDANCE
 22363 | D:11     | 22363 ||| STAIRDANCE
 22508 | D:11     | 22508 ||| READING scroll of enchant weapon.
 22508 | D:11     | 22508 ||| ENCHANTING +4 vorpal war axe.
 22590 | D:11     | 22590 ||| Stepping ~*~*~tactically~*~*~ (stealth).
 22593 | D:11     | 22593 ||| Stepping ~*~*~tactically~*~*~ (stealth).
 22685 | D:11     | 22685 ||| FLEEEEING.
 22686 | D:11     | 22686 ||| FLEEEEING.
 22687 | D:11     | 22687 ||| FLEEEEING.
 22688 | D:11     | 22688 ||| FLEEEEING.
 22689 | D:11     | 22689 ||| FLEEEEING.
 22701 | D:11     | 22701 ||| FLEEEEING.
 22702 | D:11     | 22702 ||| FLEEEEING.
 22703 | D:11     | 22703 ||| FLEEEEING.
 22717 | D:11     | 22717 ||| FLEEEEING.
 22723 | D:11     | 22723 ||| STAIRDANCE
 22937 | D:11     | 22937 ||| FLEEEEING.
 22938 | D:11     | 22938 ||| FLEEEEING.
 22939 | D:11     | 22939 ||| STAIRDANCE
 23129 | D:11     | Noticed Nergalle
 23130 | D:11     | 23130 ||| Stepping ~*~*~tactically~*~*~ (hiding).
 23148 | D:11     | Killed Nergalle
 23159 | D:11     | 23159 ||| Stepping ~*~*~tactically~*~*~ (stealth).
 23160 | D:11     | 23160 ||| Stepping ~*~*~tactically~*~*~ (stealth).
 23171 | D:11     | 23171 ||| Stepping ~*~*~tactically~*~*~ (stealth).
 23174 | D:11     | 23174 ||| Stepping ~*~*~tactically~*~*~ (stealth).
 23177 | D:11     | 23177 ||| Stepping ~*~*~tactically~*~*~ (hiding).
 23178 | D:11     | 23178 ||| Stepping ~*~*~tactically~*~*~ (hiding).
 23179 | D:11     | 23179 ||| Stepping ~*~*~tactically~*~*~ (hiding).
 23185 | D:11     | Reached ***** piety under Trog
 23186 | D:11     | 23186 ||| Stepping ~*~*~tactically~*~*~ (stealth).
 23195 | D:11     | 23195 ||| Stepping ~*~*~tactically~*~*~ (stealth).
 23198 | D:11     | 23198 ||| Stepping ~*~*~tactically~*~*~ (stealth).
 23442 | D:11     | 23442 ||| PLANNING D
 23490 | D:12     | 23490 ||| Stepping ~*~*~tactically~*~*~ (hiding).
 23748 | D:12     | 23748 ||| Stepping ~*~*~tactically~*~*~ (hiding).
 23788 | D:12     | 23788 ||| INVOKING Brothers in Arms.
 23789 | D:12     | 23789 ||| SWAPPING to -2 demon whip of venom.
 23790 | D:12     | 23790 ||| INVOKING Berserk.
 23796 | D:12     | 23796 ||| SWAPPING to +5 vorpal war axe.
 23903 | D:12     | 23903 ||| Stepping ~*~*~tactically~*~*~ (hiding).
 23954 | D:12     | Found a staircase to the Orcish Mines.
 23963 | D:12     | 23963 ||| Stepping ~*~*~tactically~*~*~ (stealth).
 23965 | D:12     | 23965 ||| Stepping ~*~*~tactically~*~*~ (stealth).
 23967 | D:12     | 23967 ||| Stepping ~*~*~tactically~*~*~ (stealth).
 23976 | D:12     | Reached skill level 6 in Throwing
 24072 | D:12     | 24072 ||| Stepping ~*~*~tactically~*~*~ (hiding).
 24073 | D:12     | 24073 ||| Stepping ~*~*~tactically~*~*~ (hiding).
 24211 | D:12     | 24211 ||| INVOKING Brothers in Arms.
 24213 | D:12     | 24213 ||| INVOKING Berserk.
 24219 | D:12     | Reached skill level 9 in Shields
 24475 | D:12     | 24475 ||| Stepping ~*~*~tactically~*~*~ (hiding).
 24481 | D:12     | 24481 ||| Stepping ~*~*~tactically~*~*~ (stealth).
 24673 | D:12     | 24673 ||| UPGRADING to +4 ring of slaying {mikee}.
 24675 | D:12     | 24675 ||| DROPPING +6 ring of strength.
 24741 | D:13     | 24741 ||| Stepping ~*~*~tactically~*~*~ (stealth).
 25028 | D:13     | 25028 ||| INVOKING Brothers in Arms.
 25032 | D:13     | 25032 ||| INVOKING Berserk.
 25115 | D:13     | 25115 ||| Stepping ~*~*~tactically~*~*~ (stealth).
 25116 | D:13     | 25116 ||| Stepping ~*~*~tactically~*~*~ (stealth).
 25123 | D:13     | Reached XP level 15. HP: 98/98 MP: 15/15
 25261 | D:13     | 25261 ||| INVOKING Berserk.
 25476 | D:13     | 25476 ||| READING scroll of enchant armour.
 25476 | D:13     | 25476 ||| ENCHANTING +0 pair of boots.
 25487 | D:13     | Found a gate to the Vaults.
 25687 | D:13     | 25687 ||| UPGRADING to scarf of repulsion.
 25692 | D:13     | 25692 ||| UPGRADING to amulet of reflection.
 26138 | D:14     | 26138 ||| Stepping ~*~*~tactically~*~*~ (hiding).
 26139 | D:14     | 26139 ||| Stepping ~*~*~tactically~*~*~ (hiding).
 26274 | D:14     | 26274 ||| INVOKING Brothers in Arms.
 26276 | D:14     | 26276 ||| SWAPPING to -2 demon whip of venom.
 26277 | D:14     | 26277 ||| INVOKING Berserk.
 26288 | D:14     | Noticed Nessos
 26289 | D:14     | 26289 ||| SWAPPING to +5 vorpal war axe.
 26290 | D:14     | 26290 ||| Stepping ~*~*~tactically~*~*~ (hiding).
 26298 | D:14     | HP: 19/101 [Nessos (7)]
 26299 | D:14     | 26299 ||| READING 6 scrolls of teleportation.
 26300 | D:14     | 26300 ||| DRINKING 3 potions of heal wounds.
 26308 | D:14     | Killed Nessos
 26316 | D:14     | 26316 ||| INVOKING Berserk.
 26994 | D:15     | Entered Level 15 of the Dungeon
 27146 | D:15     | 27146 ||| Stepping ~*~*~tactically~*~*~ (hiding).
 27149 | D:15     | 27149 ||| INVOKING Trog's Hand.
 27152 | D:15     | 27152 ||| Stepping ~*~*~tactically~*~*~ (hiding).
 27153 | D:15     | 27153 ||| Stepping ~*~*~tactically~*~*~ (hiding).
 27155 | D:15     | 27155 ||| INVOKING Berserk.
 27167 | D:15     | Reached skill level 15 in Fighting
 27279 | D:15     | 27279 ||| SWAPPING to +1 broad axe of electrocution.
 27280 | D:15     | 27280 ||| DROPPING +5 vorpal war axe.
 27288 | D:15     | 27288 ||| READING 3 scrolls of enchant armour.
 27288 | D:15     | 27288 ||| ENCHANTING +1 pair of boots.
 27289 | D:15     | 27289 ||| READING 2 scrolls of enchant armour.
 27289 | D:15     | 27289 ||| ENCHANTING +2 plate armour of cold resistance.
 27290 | D:15     | 27290 ||| READING scroll of enchant armour.
 27290 | D:15     | 27290 ||| ENCHANTING +3 plate armour of cold resistance.
 27298 | D:15     | 27298 ||| READING scroll of enchant weapon.
 27298 | D:15     | 27298 ||| ENCHANTING +1 broad axe of electrocution.
 27315 | D:15     | Identified the ring "Kafiasso" {Fly Int+5}
 27435 | D:15     | 27435 ||| Stepping ~*~*~tactically~*~*~ (stealth).
 27436 | D:15     | 27436 ||| Stepping ~*~*~tactically~*~*~ (stealth).
 27457 | D:15     | 27457 ||| INVOKING Berserk.
 27596 | D:15     | Found a staircase to the Depths.
 28298 | D:15     | 28298 ||| PLANNING ORC
 28298 | D:15     | 28298 ||| DROPPING +1 helmet.
 28299 | D:15     | 28299 ||| DROPPING +1 pair of gloves.
 28300 | D:15     | 28300 ||| DROPPING ring "Kafiasso" {Fly Int+5}.
 28301 | D:15     | 28301 ||| DROPPING +6 ring of intelligence.
 28302 | D:15     | 28302 ||| READING 9 scrolls of identify.
 28302 | D:15     | 28302 ||| IDENTIFYING yellow potion
 28303 | D:15     | 28303 ||| DROPPING potion of invisibility.
 28390 | Orc:1    | Entered Level 1 of the Orcish Mines
 28532 | Orc:1    | 28532 ||| Stepping ~*~*~tactically~*~*~ (stealth).
 28538 | Orc:1    | 28538 ||| Stepping ~*~*~tactically~*~*~ (stealth).
 28544 | Orc:1    | 28544 ||| Stepping ~*~*~tactically~*~*~ (stealth).
 28547 | Orc:1    | 28547 ||| Stepping ~*~*~tactically~*~*~ (stealth).
 28570 | Orc:1    | You are sucked into a shaft and drop 1 floor!
 28570 | Orc:2    | Entered Level 2 of the Orcish Mines
 28847 | Orc:2    | 28847 ||| Stepping ~*~*~tactically~*~*~ (stealth).
 28852 | Orc:2    | 28852 ||| Stepping ~*~*~tactically~*~*~ (stealth).
 28857 | Orc:2    | 28857 ||| Stepping ~*~*~tactically~*~*~ (stealth).
 28859 | Orc:2    | 28859 ||| Stepping ~*~*~tactically~*~*~ (stealth).
 28860 | Orc:2    | 28860 ||| Stepping ~*~*~tactically~*~*~ (stealth).
 28907 | Orc:2    | 28907 ||| Stepping ~*~*~tactically~*~*~ (stealth).
 28908 | Orc:2    | 28908 ||| Stepping ~*~*~tactically~*~*~ (stealth).
 28909 | Orc:2    | 28909 ||| Stepping ~*~*~tactically~*~*~ (stealth).
 28910 | Orc:2    | 28910 ||| Stepping ~*~*~tactically~*~*~ (stealth).
 28939 | Orc:2    | 28939 ||| Stepping ~*~*~tactically~*~*~ (stealth).
 28942 | Orc:2    | 28942 ||| Stepping ~*~*~tactically~*~*~ (hiding).
 28981 | Orc:2    | 28981 ||| INVOKING Berserk.
 28982 | Orc:2    | Received a gift from Trog
 29041 | Orc:2    | 29041 ||| Stepping ~*~*~tactically~*~*~ (stealth).
 29042 | Orc:2    | 29042 ||| DROPPING +6 vorpal broad axe.
 29125 | Orc:2    | 29125 ||| INVOKING Trog's Hand.
 29126 | Orc:2    | 29126 ||| INVOKING Berserk.
 29280 | Orc:2    | Found Juluahum's Antique Armour Boutique.
 29281 | Orc:2    | 29281 ||| INVOKING Berserk.
 29419 | Orc:2    | 29419 ||| BUYING brightly glowing plate armour (952 gold).
 29419 | Orc:2    | Bought a brightly glowing plate armour for 952 gold pieces
 29419 | Orc:2    | Identified the +12 plate armour "Goyl" {Str+4} (You bought
                  | it in a shop on level 2 of the Orcish Mines)
 29419 | Orc:2    | 29419 ||| BUYING runed cloak (255 gold).
 29419 | Orc:2    | Bought a runed cloak for 255 gold pieces
 29425 | Orc:2    | Found Ythai's Jewellery Shop.
 29426 | Orc:2    | 29426 ||| Stepping ~*~*~tactically~*~*~ (hiding).
 29427 | Orc:2    | 29427 ||| INVOKING Trog's Hand.
 29428 | Orc:2    | 29428 ||| INVOKING Berserk.
 29548 | Orc:2    | 29548 ||| BUYING ring of protection from fire (450 gold).
 29548 | Orc:2    | Bought a ring of protection from fire for 450 gold pieces
 29548 | Orc:2    | 29548 ||| SHOPLISTING ring of the Octopus King {rC+ HP+2
                  | AC+2 EV+2 SH+2} (1105 gold, have 91).
 29633 | Orc:2    | 29633 ||| INVOKING Trog's Hand.
 29637 | Orc:2    | 29637 ||| INVOKING Berserk.
 29675 | Orc:2    | 29675 ||| Stepping ~*~*~tactically~*~*~ (stealth).
 29739 | Orc:2    | Noticed an orc warlord
 29740 | Orc:2    | 29740 ||| INVOKING Brothers in Arms.
 29741 | Orc:2    | 29741 ||| INVOKING Brothers in Arms.
 29742 | Orc:2    | 29742 ||| INVOKING Berserk.
 29748 | Orc:2    | Killed an orc warlord
 29891 | Orc:2    | 29891 ||| INVOKING Berserk.
 29947 | Orc:2    | 29947 ||| SWAPPING to +1 vampiric war axe.
 29948 | Orc:2    | 29948 ||| DROPPING +2 broad axe of electrocution.
 30067 | Orc:2    | 30067 ||| Stepping ~*~*~tactically~*~*~ (hiding).
 30177 | Orc:2    | 30177 ||| Stepping ~*~*~tactically~*~*~ (hiding).
 30178 | Orc:2    | 30178 ||| Stepping ~*~*~tactically~*~*~ (hiding).
 30183 | Orc:2    | 30183 ||| Stepping ~*~*~tactically~*~*~ (hiding).
 30199 | Orc:2    | Noticed an orc warlord
 30210 | Orc:2    | 30210 ||| INVOKING Berserk.
 30230 | Orc:2    | Killed an orc warlord
 30334 | Orc:2    | 30334 ||| INVOKING Berserk.
 30472 | Orc:2    | Found Usaydiaf's Jewellery Emporium.
 30482 | Orc:2    | 30482 ||| INVOKING Berserk.
 30489 | Orc:2    | Reached XP level 16. HP: 108/108 MP: 16/16
 30617 | Orc:2    | 30617 ||| Stepping ~*~*~tactically~*~*~ (stealth).
 30626 | Orc:2    | 30626 ||| INVOKING Berserk.
 30812 | Orc:2    | Found Nefaoc's Distillery.
 30819 | Orc:2    | 30819 ||| INVOKING Berserk.
 30957 | Orc:2    | 30957 ||| BUYING potion of curing (30 gold).
 30957 | Orc:2    | Bought a potion of curing for 30 gold pieces
 30957 | Orc:2    | 30957 ||| BUYING potion of curing (30 gold).
 30957 | Orc:2    | Bought a potion of curing for 30 gold pieces
 30957 | Orc:2    | 30957 ||| BUYING potion of might (40 gold).
 30957 | Orc:2    | Bought a potion of might for 40 gold pieces
 31076 | Orc:2    | 31076 ||| INVOKING Trog's Hand.
 31078 | Orc:2    | 31078 ||| INVOKING Berserk.
 31252 | Orc:2    | 31252 ||| Stepping ~*~*~tactically~*~*~ (hiding).
 31279 | Orc:2    | Found a staircase to the Elven Halls.
 31549 | Orc:2    | 31549 ||| DROPPING +0 fire dragon scales.
 31550 | Orc:2    | 31550 ||| UPGRADING to +12 plate armour "Goyl" {Str+4}.
 31560 | Orc:2    | 31560 ||| DROPPING +4 plate armour of cold resistance.
 31726 | Orc:1    | 31726 ||| Stepping ~*~*~tactically~*~*~ (hiding).
 31845 | Orc:1    | 31845 ||| Stepping ~*~*~tactically~*~*~ (stealth).
 31846 | Orc:1    | 31846 ||| Stepping ~*~*~tactically~*~*~ (stealth).
 31847 | Orc:1    | 31847 ||| Stepping ~*~*~tactically~*~*~ (stealth).
 31916 | Orc:1    | 31916 ||| PLANNING SNAKE:1-3
 32130 | Snake:1  | Entered Level 1 of the Snake Pit
 32185 | Snake:1  | 32185 ||| Stepping ~*~*~tactically~*~*~ (stealth).
 32240 | Snake:1  | Received a gift from Trog
 32285 | Snake:1  | 32285 ||| Stepping ~*~*~tactically~*~*~ (hiding).
 32287 | Snake:1  | 32287 ||| Stepping ~*~*~tactically~*~*~ (hiding).
 32293 | Snake:1  | 32293 ||| Stepping ~*~*~tactically~*~*~ (hiding).
 32297 | Snake:1  | 32297 ||| Stepping ~*~*~tactically~*~*~ (hiding).
 32531 | Snake:1  | Noticed a nagaraja
 32532 | Snake:1  | 32532 ||| Stepping ~*~*~tactically~*~*~ (stealth).
 32534 | Snake:1  | 32534 ||| Stepping ~*~*~tactically~*~*~ (hiding).
 32538 | Snake:1  | 32538 ||| INVOKING Berserk.
 32545 | Snake:1  | Killed a nagaraja
 32706 | Snake:1  | 32706 ||| Stepping ~*~*~tactically~*~*~ (stealth).
 32885 | Snake:1  | 32885 ||| Stepping ~*~*~tactically~*~*~ (stealth).
 32900 | Snake:1  | 32900 ||| Stepping ~*~*~tactically~*~*~ (stealth).
 32972 | Snake:1  | 32972 ||| Stepping ~*~*~tactically~*~*~ (stealth).
 32993 | Snake:1  | 32993 ||| Stepping ~*~*~tactically~*~*~ (stealth).
 32995 | Snake:1  | 32995 ||| Stepping ~*~*~tactically~*~*~ (stealth).
 32997 | Snake:1  | 32997 ||| INVOKING Brothers in Arms.
 32998 | Snake:1  | 32998 ||| SWAPPING to -2 demon whip of venom.
 33000 | Snake:1  | 33000 ||| INVOKING Berserk.
 33027 | Snake:1  | 33027 ||| Stepping ~*~*~tactically~*~*~ (hiding).
 33028 | Snake:1  | 33028 ||| SWAPPING to +1 vampiric war axe.
 33085 | Snake:1  | 33085 ||| INVOKING Berserk.
 33135 | Snake:1  | 33135 ||| Stepping ~*~*~tactically~*~*~ (stealth).
 33173 | Snake:1  | 33173 ||| Stepping ~*~*~tactically~*~*~ (stealth).
 33177 | Snake:1  | 33177 ||| INVOKING Berserk.
 33305 | Snake:1  | 33305 ||| Stepping ~*~*~tactically~*~*~ (hiding).
 33612 | Snake:2  | Found Oddaakur's Weapon Boutique.
 33624 | Snake:2  | Reached skill level 15 in Armour
 33633 | Snake:2  | 33633 ||| BUYING +2 hand axe of flaming (243 gold).
 33633 | Snake:2  | Bought a +2 hand axe of flaming for 243 gold pieces
 33633 | Snake:2  | 33633 ||| DROPPING -2 demon whip of venom.
 33643 | Snake:2  | 33643 ||| Stepping ~*~*~tactically~*~*~ (hiding).
 33644 | Snake:2  | 33644 ||| Stepping ~*~*~tactically~*~*~ (hiding).
 33648 | Snake:2  | 33648 ||| Stepping ~*~*~tactically~*~*~ (hiding).
 33649 | Snake:2  | 33649 ||| Stepping ~*~*~tactically~*~*~ (hiding).
 33771 | Snake:2  | Found Irejaof's General Store.
 33777 | Snake:2  | 33777 ||| BUYING scroll of identify (24 gold).
 33777 | Snake:2  | Bought a scroll of identify for 24 gold pieces
 33777 | Snake:2  | 33777 ||| SHOPLISTING wand of digging (2) (100 gold, have
                  | 36).
 33777 | Snake:2  | 33777 ||| SHOPLISTING wand of digging (8) (403 gold, have
                  | 36).
 33778 | Snake:2  | 33778 ||| Stepping ~*~*~tactically~*~*~ (hiding).
 33869 | Snake:2  | 33869 ||| Stepping ~*~*~tactically~*~*~ (hiding).
 33873 | Snake:2  | 33873 ||| Stepping ~*~*~tactically~*~*~ (hiding).
 34522 | Snake:2  | 34522 ||| UPGRADING to +0 kite shield.
 34532 | Snake:2  | 34532 ||| DROPPING +2 buckler.
 34580 | Snake:3  | 34580 ||| Stepping ~*~*~tactically~*~*~ (hiding).
 34586 | Snake:3  | 34586 ||| Stepping ~*~*~tactically~*~*~ (hiding).
 34590 | Snake:3  | 34590 ||| Stepping ~*~*~tactically~*~*~ (hiding).
 34715 | Snake:3  | 34715 ||| Stepping ~*~*~tactically~*~*~ (hiding).
 34731 | Snake:3  | 34731 ||| INVOKING Berserk.
 34739 | Snake:3  | Reached XP level 17. HP: 117/117 MP: 17/17
 34780 | Snake:3  | 34780 ||| Stepping ~*~*~tactically~*~*~ (stealth).
 34797 | Snake:3  | 34797 ||| Stepping ~*~*~tactically~*~*~ (stealth).
 34834 | Snake:3  | Identified the +2 short sword of Resourcefulness {freeze,
                  | Will+ Int+3 SInv}
 34905 | Snake:3  | 34905 ||| INVOKING Berserk.
 35116 | Snake:3  | Received a gift from Trog
 35117 | Snake:3  | Noticed Vashnia
 35120 | Snake:3  | 35120 ||| INVOKING Berserk.
 35143 | Snake:3  | 35143 ||| INVOKING Brothers in Arms.
 35149 | Snake:3  | 35149 ||| INVOKING Brothers in Arms.
 35153 | Snake:3  | 35153 ||| INVOKING Brothers in Arms.
 35159 | Snake:3  | HP: 29/117 [naga sharpshooter/arrow[Vashnia] (12)]
 35160 | Snake:3  | 35160 ||| READING 6 scrolls of teleportation.
 35160 | Snake:3  | HP: 14/117 [Vashnia/bolt (2)]
 35161 | Snake:3  | 35161 ||| DRINKING 3 potions of heal wounds.
 35162 | Snake:3  | 35162 ||| DRINKING 2 potions of heal wounds.
 35476 | Snake:3  | Reached skill level 12 in Shields
 35478 | Snake:3  | 35478 ||| FLEEEEING.
 35479 | Snake:3  | 35479 ||| FLEEEEING.
 35480 | Snake:3  | 35480 ||| FLEEEEING.
 35502 | Snake:3  | 35502 ||| INVOKING Berserk.
 35537 | Snake:3  | 35537 ||| FLEEEEING.
 35538 | Snake:3  | 35538 ||| FLEEEEING.
 35539 | Snake:3  | 35539 ||| FLEEEEING.
 35540 | Snake:3  | 35540 ||| FLEEEEING.
 35541 | Snake:3  | 35541 ||| FLEEEEING.
 35542 | Snake:3  | 35542 ||| FLEEEEING.
 35543 | Snake:3  | 35543 ||| FLEEEEING.
 35544 | Snake:3  | 35544 ||| FLEEEEING.
 35545 | Snake:3  | 35545 ||| FLEEEEING.
 35546 | Snake:3  | 35546 ||| STAIRDANCE
 35806 | Snake:2  | 35806 ||| UPGRADING to +0 tower shield of fire resistance.
 35816 | Snake:2  | 35816 ||| DROPPING +0 kite shield.
 35817 | Snake:2  | 35817 ||| DROPPING ring of willpower.
 35832 | Snake:3  | Killed Vashnia
 36210 | Snake:3  | 36210 ||| Stepping ~*~*~tactically~*~*~ (hiding).
 36211 | Snake:3  | 36211 ||| Stepping ~*~*~tactically~*~*~ (hiding).
 36212 | Snake:3  | 36212 ||| Stepping ~*~*~tactically~*~*~ (hiding).
 36215 | Snake:3  | 36215 ||| Stepping ~*~*~tactically~*~*~ (hiding).
 36216 | Snake:3  | 36216 ||| INVOKING Berserk.
 36266 | Snake:3  | 36266 ||| FLEEEEING.
 36267 | Snake:3  | 36267 ||| FLEEEEING.
 36272 | Snake:3  | 36272 ||| Stepping ~*~*~tactically~*~*~ (hiding).
 36273 | Snake:3  | 36273 ||| Stepping ~*~*~tactically~*~*~ (hiding).
 36275 | Snake:3  | 36275 ||| Stepping ~*~*~tactically~*~*~ (hiding).
 36398 | Snake:3  | 36398 ||| PLANNING SHOALS:1-3
 36513 | Shoals:1 | Entered Level 1 of the Shoals
 36514 | Shoals:1 | 36514 ||| Stepping ~*~*~tactically~*~*~ (hiding).
 36515 | Shoals:1 | 36515 ||| Stepping ~*~*~tactically~*~*~ (hiding).
 36517 | Shoals:1 | 36517 ||| INVOKING Berserk.
 36654 | Shoals:1 | Noticed Mlioglotl
 36657 | Shoals:1 | 36657 ||| INVOKING Berserk.
 36660 | Shoals:1 | Noticed a tentacled starspawn
 36671 | Shoals:1 | Killed Mlioglotl
 36983 | Shoals:1 | Noticed Nikola
 36988 | Shoals:1 | 36988 ||| INVOKING Berserk.
 37000 | Shoals:1 | Killed Nikola
 37124 | Shoals:1 | Noticed Josephine
 37131 | Shoals:1 | Killed Josephine
 37289 | Shoals:1 | 37289 ||| INVOKING Berserk.
 37611 | Shoals:1 | Identified the +1 pair of gloves of Defence {rC+}
 37739 | Shoals:1 | 37739 ||| UPGRADING to +1 pair of gloves of Defence {rC+}.
 37847 | Shoals:2 | 37847 ||| INVOKING Berserk.
 38083 | Shoals:2 | 38083 ||| Stepping ~*~*~tactically~*~*~ (hiding).
 38090 | Shoals:2 | Reached skill level 15 in Shields
 38311 | Shoals:2 | 38311 ||| INVOKING Berserk.
 38438 | Shoals:2 | 38438 ||| INVOKING Berserk.
 38679 | Abyss:2  | Cast into level 2 of the Abyss (merfolk aquamancer)
 38812 | Abyss:2  | 38812 ||| INVOKING Trog's Hand.
 38846 | Abyss:2  | 38846 ||| Stepping ~*~*~tactically~*~*~ (stealth).
 38854 | Abyss:2  | 38854 ||| Stepping ~*~*~tactically~*~*~ (stealth).
 38858 | Abyss:2  | 38858 ||| Stepping ~*~*~tactically~*~*~ (stealth).
 38859 | Abyss:2  | 38859 ||| Stepping ~*~*~tactically~*~*~ (stealth).
 38860 | Abyss:2  | 38860 ||| Stepping ~*~*~tactically~*~*~ (stealth).
 38913 | Abyss:2  | 38913 ||| Stepping ~*~*~tactically~*~*~ (stealth).
 38947 | Abyss:2  | 38947 ||| Stepping ~*~*~tactically~*~*~ (stealth).
 39143 | Abyss:2  | 39143 ||| Stepping ~*~*~tactically~*~*~ (stealth).
 39170 | Abyss:2  | 39170 ||| Stepping ~*~*~tactically~*~*~ (hiding).
 39172 | Abyss:2  | 39172 ||| Stepping ~*~*~tactically~*~*~ (stealth).
 39198 | Abyss:2  | Paralysed by accursed screaming for 1 turns
 39214 | Abyss:2  | 39214 ||| Stepping ~*~*~tactically~*~*~ (hiding).
 39217 | Abyss:2  | 39217 ||| INVOKING Brothers in Arms.
 39218 | Abyss:2  | 39218 ||| INVOKING Brothers in Arms.
 39225 | Abyss:2  | 39225 ||| INVOKING Berserk.
 39226 | Abyss:2  | HP: 36/175 [hellion/damnation (28)]
 39227 | Abyss:2  | HP: 2/175 [hellion/damnation (34)]
 39232 | Abyss:2  | 39232 ||| INVOKING Trog's Hand.
 39232 | Abyss:2  | Noticed a profane servitor
 39233 | Abyss:2  | 39233 ||| DRINKING 2 potions of heal wounds.
 39234 | Abyss:2  | 39234 ||| READING 5 scrolls of teleportation.
 39234 | Abyss:2  | HP: 27/117 [profane servitor/+1 demon whip of venom (1)]
 39235 | Abyss:2  | 39235 ||| DRINKING potion of heal wounds.
 39249 | Abyss:2  | 39249 ||| INVOKING Trog's Hand.
 39373 | Abyss:2  | 39373 ||| Stepping ~*~*~tactically~*~*~ (stealth).
 39374 | Abyss:2  | 39374 ||| Stepping ~*~*~tactically~*~*~ (stealth).
 39375 | Abyss:2  | 39375 ||| Stepping ~*~*~tactically~*~*~ (stealth).
 39376 | Abyss:2  | 39376 ||| Stepping ~*~*~tactically~*~*~ (stealth).
 39378 | Abyss:2  | 39378 ||| INVOKING Berserk.
 39395 | Abyss:2  | Noticed a bone dragon
 39397 | Abyss:2  | Reached XP level 18. HP: 88/123 MP: 18/18
 39406 | Abyss:2  | Gained mutation: Your body sometimes deteriorates upon
                  | taking damage. [a neqoxec]
 39411 | Abyss:2  | HP: 20/123 [bone dragon (18)]
 39412 | Abyss:2  | 39412 ||| READING 4 scrolls of teleportation.
 39418 | Abyss:2  | HP: 21/123 [bone dragon (1)]
 39419 | Abyss:2  | HP: 4/123 [bone dragon (17)]
 39420 | Abyss:2  | Slain by a bone dragon

Levels and vault maps discovered:
D:1:      dpeg_arrival_erosion, layout_loops_ring,
          shapermc_ecumenical_altar_venn, serial_shops, nicolae_shop_stone
D:2:      layout_basic
D:3:      kennysheep_big_flooded_room, layout_basic, grunt_decor_resistance
D:4:      layout_basic, elyvilon_altar_4, uniq_natasha, uniq_crazy_yiuf_cottage,
          uniq_robin
D:5:      cheibrodos_two_vegetables, layout_cave_pools,
          minmay_temple_entry_junction, serial_shops, shop
D:6:      layout_loops_ring, kennysheep_small_spiral
D:7:      layout_basic, nzn_overflow_gifts_of_might_and_magic, serial_shops,
          shop, enter_bailey_2, gammafunk_ghost_necromancy,
          chequers_serial_rivers_small_b
D:8:      layout_loops_corners, mainiacjoe_overflow_paths,
          overflow_temple_1_default
D:9:      layout_cave_pools, nicolae_fountain_basement
D:10:     layout_roguey, minmay_lair_entry_grove, ebering_ghost_gozag,
          grunt_ministairs_15, uniq_fannar
D:11:     layout_gridville, st_stairs_5, uniq_nergalle
D:12:     layout_stronghold, orc_0_dummy
D:13:     layout_cave_pools, david_vaults_5
D:14:     layout_basic, chequers_serial_rivers_small_3, uniq_nessos
D:15:     gammafunk_enter_depths_forms, layout_basic,
          nicolae_kite_square_tiling_tiny, nrook_guardian_serpent_ordinary
Lair:1:   layout_cave_pods, minivault_26, infiniplex_staircase_pool_2
Lair:2:   layout_chaotic_city, guppyfry_snake_entry_island
Lair:3:   layout_cave_pods, elwin_shoals_entry_rocks,
          nicolae_lair_run_with_the_wolves, uniq_amaemon, uniq_snorg
Lair:4:   layout_misc_corridors, minmay_slime_entry_pillars, grunt_megastairs_1
Lair:5:   guppyfry_lair_end_dragon, layout_regular_city,
          hangedman_lair_caniforms_friends, minmay_lair_oklob_bushes,
          serial_bayou_shore_a
Shoals:1: layout_shoals, uniq_mlioglotl, uniq_josephine, uniq_nikola
Shoals:2: layout_shoals, serial_shops, shop, nicolae_shoals_raging_river
Snake:1:  layout_basic, st_stairs_1, nicolae_snake_snake_lake,
          nicolae_snake_herptile_family_reunion
Snake:2:  layout_gridlike, serial_shops, nicolae_shop_bloodbath_and_beyond,
          minmay_shop_star
Snake:3:  layout_cave_shapes, grunt_megastairs_5, uniq_vashnia
Orc:1:    layout_diamond_mine
Orc:2:    pubby_orc_utopia
Abyss:2:  base: D:14, eino_small_chamber_without_monster,
          hangedman_abyss_overflow_altar, eino_small_chamber_without_monster,
          evilmike_abyss_exit_12

Skill      XL: |  1  2  3  4  5  6  7  8  9 10 11 12 13 14 15 16 17 |
---------------+----------------------------------------------------+-----
Axes           | 3 4 5 6 7 8 10 11 12 14 15 16 17 | 17.2
Armour         | 3 4 5 7 8 9 10 11 12 13 15 | 15.2
Fighting       | 4 5 6 8 9 10 11 12 13 15 17 | 17.0
Throwing       | 1 2 5 6 |  6.0
Shields        | 5 6 7 9 10 16 | 16.2
Dodging        | 2 3 4 |  4.0

Action                   |  1- 3 |  4- 6 |  7- 9 | 10-12 | 13-15 | 16-18 || total
-------------------------+-------+-------+-------+-------+-------+-------++-------
Melee: Hand axe          |   144 |   221 |    31 |       |       |       ||   396
       Punch             |       |     3 |     2 |       |       |       ||     5
       War axe           |       |       |   289 |   508 |   811 |  1165 ||  2773
       Flail             |       |       |       |     8 |       |       ||     8
       Demon whip        |       |       |       |     1 |    63 |    27 ||    91
       Broad axe         |       |       |       |       |   206 |       ||   206
Throw: Boomerang         |       |    11 |    61 |    84 |   140 |    47 ||   343
       Javelin           |       |       |       |       |    26 |     5 ||    31
Invok: Berserk           |     3 |     4 |    12 |    19 |    28 |    21 ||    87
       Brothers in Arms  |       |       |       |     1 |     8 |     5 ||    14
       Trog's Hand       |       |       |       |       |     4 |     4 ||     8
  Use: Scroll            |     1 |     8 |    10 |     9 |    15 |     3 ||    46
       Potion            |     1 |     2 |     2 |       |     4 |     4 ||    13
 Stab: Distracted        |       |       |       |       |     1 |       ||     1
       Petrified         |       |       |       |       |     1 |       ||     1
Armor: Animal skin       |    33 |       |       |       |       |       ||    33
       Plate armour      |    41 |   129 |   198 |   322 |   760 |   623 ||  2073
Dodge: Dodged            |    81 |    67 |    85 |   164 |   312 |   252 ||   961
       Repelled          |       |       |       |       |     3 |    29 ||    32
Block: Buckler           |       |       |       |   135 |   422 |   274 ||   831
       Reflection        |       |       |       |       |    26 |    98 ||   124
       Kite shield       |       |       |       |       |       |   152 ||   152
       Tower shield      |       |       |       |       |       |   524 ||   524

Table legend:
 A = Non-vault XP
 B = Vault XP
 C = Vault XP percentage of total XP
 D = Non-vault monster count
 E = Vault monster count
 F = Vault count percentage of total count
                 A         B        C        D         E       F
            +---------+---------+-------+---------+---------+-------
      Total |  162521 |   82344 |  33.6 |     620 |     341 |  35.5
            +---------+---------+-------+---------+---------+-------
        D:1 |      53 |       0 |   0.0 |      29 |       0 |   0.0
        D:2 |      83 |       0 |   0.0 |      23 |       0 |   0.0
        D:3 |      53 |      15 |  22.1 |      18 |       2 |  10.0
        D:4 |     340 |      70 |  17.1 |      16 |      12 |  42.9
        D:5 |     349 |     413 |  54.2 |      13 |       9 |  40.9
        D:6 |    1035 |       0 |   0.0 |      19 |       0 |   0.0
        D:7 |    2597 |     165 |   6.0 |      19 |       2 |   9.5
        D:8 |    1768 |     420 |  19.2 |      19 |       4 |  17.4
        D:9 |    3783 |     133 |   3.4 |      26 |       1 |   3.7
       D:10 |    1917 |    3013 |  61.1 |      12 |      17 |  58.6
       D:11 |    4095 |    1182 |  22.4 |      19 |       3 |  13.6
       D:12 |    6925 |       0 |   0.0 |      29 |       0 |   0.0
       D:13 |    6296 |    2782 |  30.6 |      20 |       6 |  23.1
       D:14 |   10012 |     859 |   7.9 |      21 |       1 |   4.5
       D:15 |    5933 |    5728 |  49.1 |      15 |      11 |  42.3
     Lair:1 |    2721 |       0 |   0.0 |       7 |       0 |   0.0
     Lair:2 |    5514 |     310 |   5.3 |      34 |       2 |   5.6
     Lair:3 |    4891 |    3822 |  43.9 |      15 |      10 |  40.0
     Lair:4 |   10231 |     410 |   3.9 |      32 |       4 |  11.1
     Lair:5 |   10111 |   14807 |  59.4 |      33 |      74 |  69.2
   Shoals:1 |    9589 |    5751 |  37.5 |      19 |       6 |  24.0
   Shoals:2 |    9677 |       0 |   0.0 |      20 |       0 |   0.0
    Snake:1 |   13932 |   14004 |  50.1 |      28 |      24 |  46.2
    Snake:2 |   15942 |       0 |   0.0 |      30 |       0 |   0.0
    Snake:3 |   19323 |    8816 |  31.3 |      39 |      12 |  23.5
      Orc:1 |    1805 |       0 |   0.0 |      25 |       0 |   0.0
      Orc:2 |       0 |   19644 | 100.0 |       0 |     141 | 100.0
    Abyss:2 |   13546 |       0 |   0.0 |      40 |       0 |   0.0
            +---------+---------+-------+---------+---------+-------
